 Dungeon Crawl Stone Soup version 0.31.0-1-g2c135a008e (webtiles) character file.

Game seed: 6807976830479786416

49 qw the Shooter (level 4, -4/34 HPs)
             Began as a Djinni Hunter on Jan 23, 2024.
             Slain by a goblin
             ... wielding a +0 club
             ... led by Robin
              (5 damage)
             ... on level 2 of the Dungeon.
             The game lasted 00:00:05 (857 turns).

qw the Shooter (Djinni Hunter)                       Turns: 857, Time: 00:00:05

Health: -4/34      AC:  3    Str: 16    XL:     4   Next: 2%
Gold:   49         EV: 12    Int: 10    God:
                   SH:  0    Dex: 19

rFire   + + .        a - +0 shortbow
rCold   x . .        (shield currently unavailable)
rNeg    . . .        c - +0 leather armour
rPois   inf          (no helmet)
rElec   .            (no cloak)
rCorr   .            (no gloves)
SInv    .            (boots unavailable)
Will    .....        (no amulet)
Stlth   ++           j - +6 ring of strength
HPRegen 0.25/turn    (no ring)
MPRegen 0.00/turn

%: infuse magic (-5 HP)
@: flying
A: sickness immunity, fire resistance 2, cold vulnerability 1, float, innate
caster, HP casting, extra vitality 1
a: no special abilities


You were on level 2 of the Dungeon.
You visited 1 branch of the dungeon, and saw 2 of its levels.

You collected 49 gold pieces.


Innate Abilities, Weirdness & Mutations

You are immune to sickness and miasma.
You are immune to poison.
Your flesh is very heat resistant. (rF++)
You are vulnerable to cold. (rC-)
You float through the air rather than walking.
You learn spells naturally, not from books.
Your magical power is your life essence.
You have superior vitality. (+4 MHP)


   Skills:
 - Level 2.9 Fighting
 - Level 4.0 Ranged Weapons
 + Level 2.2 Dodging
 - Level 0.7 Stealth


You knew the following spells:

 Your Spells              Type           Power      Damage    Failure   Level
a - Kiss of Death         Conj/Necr      0%         2d5       43%         1
Your spell library was empty.

Inventory:

Hand Weapons
 a - a +0 shortbow (weapon)
Armour
 c - a +0 leather armour (worn)
Jewellery
 j - a +6 ring of strength (left hand)
Scrolls
 d - a scroll of teleportation {unknown}
 f - 3 scrolls of identify {unknown}
Potions
 b - 2 potions of curing {unknown}
 e - a potion of resistance {unknown}
 i - a potion of degeneration {unknown}

Dungeon Overview and Level Annotations

Branches:
Dungeon (2/15)

Altars:

Annotations:
D:2 Robin


Message History

The goblins go into a battle-frenzy!
The goblin shouts!
You shoot an arrow. The arrow closely misses the goblin.
The arrow hits the goblin but does no damage.
The goblin hits you with a +0 club. The goblin hits you but does no damage.
Robin throws the goblin at you! The goblin hits you with a +0 dagger.
You shoot an arrow. The arrow closely misses the goblin.
The arrow hits the goblin!
You kill the goblin!
The goblin barely misses you. The goblin hits you with a +0 dagger.
The goblin hits you but does no damage. The goblin closely misses you.
Robin says, "My goblins will feast on your bones."
Robin throws the goblin at you! The goblin hits you but does no damage.
The goblin misses you. The goblin hits you but does no damage.
A hobgoblin comes into view.
Enter note:
854 ||| RETREEEEATING.
You shoot an arrow.
The arrow hits the goblin but does no damage.
The goblin misses you. The goblin hits you with a +0 dagger.
The goblin hits you with a +1 dagger of protection.
Robin says, "A pitiful Djinni like you will never find the ORB!"
The goblin hits you with a +0 dagger.
855 ||| RETREEEEATING.
You shoot an arrow. The arrow completely misses the goblin.
The arrow hits the goblin!
You kill the goblin!
The goblin hits you but does no damage.
The goblin hits you with a +1 dagger of protection.
The goblin hits you with a +0 club. The goblin completely misses you.
You have reached level 4!
You feel agile.
You shoot an arrow. The arrow closely misses the goblin.
The arrow hits the goblin.
You kill the goblin!
The goblin barely misses you.
The goblin hits you with a +1 dagger of protection.
The goblin closely misses you. x2
You shoot an arrow. The arrow closely misses the goblin.
The arrow hits the hobgoblin.
You kill the hobgoblin!
The goblin hits you with a +0 club.
You die...

.....# #...........
##...# ####.#######
###.# #.# #.# ##'## #.#
##...## ####.# ##.....##
#.##.###.......## #
...#.##........g####g..#
..........)%...g@g)ggg..
...#.##........g####g..#
.....###.......## #
%##### #......## .#
#.#...## .# #.##+## ..
..# ## ##


You could see Robin, a hobgoblin (strong) and 7 goblins.

Vanquished Creatures
  A dart slug (D:1)
  6 endoplasms (D:1)
  2 giant cockroaches (D:1)
  5 goblins
  3 hobgoblins
  4 jackals (D:1)
  A quokka (D:1)
  5 ball pythons
  7 bats
  2 frilled lizards (D:1)
  2 kobolds (D:1)
  6 rats
44 creatures vanquished.

Notes
Turn   | Place    | Note
-------+----------+-------------------------------------------
     0 | D:1      | qw the Djinni Hunter began the quest for the Orb.
     0 | D:1      | Reached XP level 1. HP: 18/18 MP: 0/0
     0 | D:1      | 0 ||| qw: Version: 0.3-a-136-gdd3b4e8
     0 | D:1      | 0 ||| qw: Game counter: 1125
     0 | D:1      | 0 ||| qw: Melee chars always use a shield: true
     0 | D:1      | 0 ||| qw: God list: Okawaru
     0 | D:1      | 0 ||| qw: Allow faded altars: false
     0 | D:1      | 0 ||| qw: Do Orc after clearing Dungeon:15 true
     0 | D:1      | 0 ||| qw: Do second Lair branch before Depths: true
     0 | D:1      | 0 ||| qw: Lair rune preference: random
     0 | D:1      | 0 ||| qw: Goals: Normal
     0 | D:1      | 0 ||| PLANNING D:1-11
    58 | D:1      | Reached XP level 2. HP: 11/23 MP: 0/0
   171 | D:1      | 171 ||| RETREEEEATING.
   181 | D:1      | Reached XP level 3. HP: 23/28 MP: 0/0
   181 | D:1      | Learned a level 1 spell: Kiss of Death
   187 | D:1      | Reached skill level 4 in Ranged Weapons
   525 | D:1      | 525 ||| UPGRADING to +6 ring of strength.
   526 | D:1      | 526 ||| READING 2 scrolls labelled EWOCORIGAM.
   527 | D:1      | 527 ||| READING scroll labelled NARUCAMO BEEM.
   628 | D:1      | 628 ||| READING scroll labelled MOL LIFRAMAYNN.
   629 | D:1      | 629 ||| READING scroll labelled RILYANW KASO.
   629 | D:1      | 629 ||| ENCHANTING +0 shortbow.
   630 | D:1      | 630 ||| DROPPING scroll of butterflies.
   631 | D:1      | 631 ||| DROPPING scroll of noise.
   849 | D:2      | Noticed Robin
   850 | D:2      | 850 ||| RETREEEEATING.
   854 | D:2      | 854 ||| RETREEEEATING.
   855 | D:2      | 855 ||| RETREEEEATING.
   855 | D:2      | HP: 3/29 [goblin/+0 club[Robin] (5)]
   856 | D:2      | Reached XP level 4. HP: 4/34 MP: 0/0
   856 | D:2      | HP: 1/34 [goblin/+1 dagger of protection[Robin] (3)]
   857 | D:2      | Slain by a goblin

Levels and vault maps discovered:
D:1:      grunt_arrival_lava_bath, layout_rooms
D:2:      layout_loops_corners, uniq_jessica, uniq_robin

Skill      XL: |  1  2  3 |
---------------+----------+-----
Ranged Weapons | 4 |  4.0
Fighting       | |  2.9
Dodging        | |  2.2
Stealth        | |  0.7

Action                     |  1- 3 |  4- 6 || total
---------------------------+-------+-------++-------
   Fire: Shortbow          |   110 |     2 ||   112
    Use: Scroll            |     4 |       ||     4
 Armour: Leather armour    |    44 |     2 ||    46
  Dodge: Dodged            |    36 |     3 ||    39

Table legend:
 A = Non-vault XP
 B = Vault XP
 C = Vault XP percentage of total XP
 D = Non-vault monster count
 E = Vault monster count
 F = Vault count percentage of total count
                 A         B        C        D         E       F
            +---------+---------+-------+---------+---------+-------
      Total |      65 |       8 |  11.0 |      40 |       4 |   9.1
            +---------+---------+-------+---------+---------+-------
        D:1 |      54 |       0 |   0.0 |      32 |       0 |   0.0
        D:2 |      11 |       8 |  42.1 |       8 |       4 |  33.3
            +---------+---------+-------+---------+---------+-------
